 Dungeon Sprint DCSS version 0.30-a0-953-g5f1da4a474 (webtiles) character file.

Game seed: 6284389764529719414

504487 BigDaddyOpFi the Rolling Thunder (level 19, 221/221 HPs)
             Began as an Armataur Fighter on Mar 28, 2023.
             Was the Champion of Qazlal.
             Escaped with the Orb!
             The game lasted 00:18:30 (7635 turns).

BigDaddyOpFi the Rolling Thunder (Armataur Fighter) Turns: 7635, Time: 00:18:31

Health: 221/221    AC: 48    Str: 36    XL:     19   Next: 63%
Magic:  36/36      EV: 14    Int: 11    God:    Qazlal [******]
Gold:   0          SH: 35    Dex: 10    Spells: 18/18 levels left

rFire   + . .      SeeInvis +    b - +16 obsidian axe {drain, demonic, Mesm Drain Fly SInv}
rCold   . . .      Faith    .    P - +5 Storm Queen's Shield {shock, Fly rElec}
rNeg    . . .      Spirit   .    C - +15 Maxwell's patent armour {-Cast -Tele rElec Will+ rCorr}
rPois   +          Reflect  +    L - +2 helmet {Int+3}
rElec   +          Roll     +    s - +2 cloak
rCorr   +          NoTele   +    Q - +3 pair of gauntlets of War {Slay+5}
Will    ++...      NoCast   +    (no barding) Stlth
                                 a - amulet "Inkufrupt" {Reflect +Blink Regen+ Slay+3 SH+5}
HPRegen 1.36/turn                Y - ring "Ownoy" {rPois rF+ Str+6}
MPRegen 0.25/turn                A - +4 ring of slaying

@: flying, studying 5 skills, repel missiles
A: large, rugged brown scales 3, deformed body, armoured tail, roll, long
tongue, awkward tongue
0: Orb of Zot
a: Renounce Religion, Evoke Blink, Upheaval, Elemental Force, Disaster Area


You escaped.
You worshipped Qazlal.
Qazlal was exalted by your worship.
You visited 1 branch

Inventory:

Hand Weapons
 b - the +16 obsidian axe (weapon) {drain, demonic, Mesm Drain Fly SInv}
   (You found it in the Dungeon)

   Mesm:      Its wielder is mesmerised by any visible foes, and it cannot be
   unequipped while any foes are visible.
   SInv:      It lets you see invisible.
   Fly:       It grants you flight.
   Drain:     It drains your maximum health when unequipped.
Armour
 s - a +2 cloak (worn)
 C - the +15 Maxwell's patent armour (worn) {-Cast -Tele rElec Will+ rCorr}
   (You found it in the Dungeon)

   rElec:     It insulates you from electricity.
   -Cast:     It prevents spellcasting.
   -Tele:     It prevents most forms of teleportation.
   rCorr:     It protects you from acid and corrosion.
   Will:      It increases your willpower.
 D - the +18 shield of the Gong {Loud rN+ Will+ rCorr EV-5}
   (You found it in the Dungeon)

   Loud:      It is deafeningly noisy when blocking attacks.
   EV:        It affects your evasion (-5).
   rN:        It protects you from negative energy.
   rCorr:     It protects you from acid and corrosion.
   Will:      It increases your willpower.
 L - a +2 helmet of intelligence (worn)
 P - the +5 Storm Queen's Shield (worn) {shock, Fly rElec}
   (You found it in the Dungeon)

   Shock:     When it blocks an attack, it may electrocute the attacker.
   This works even against foes who are a short distance away.
   rElec:     It insulates you from electricity.
   Fly:       It grants you flight.
 Q - the +3 pair of gauntlets of War (worn) {Slay+5}
   (You found it in the Dungeon)

   Slay:      It affects your accuracy & damage with ranged weapons and melee
   (+5).
Jewellery
 a - the amulet "Inkufrupt" (around neck) {Reflect +Blink Regen+ Slay+3 SH+5}
   (You found it in the Dungeon)

   [amulet of reflection]

   It reflects blocked missile attacks.
   Slay:      It affects your accuracy & damage with ranged weapons and melee
   (+3).
   +Blink:    It lets you blink.
   Regen:     It increases your rate of health regeneration.
   SH:        It affects your SH (+5).
 f - a +6 ring of strength
 n - the ring "Ceetiw" {rF++ rN+}
   (You found it in the Dungeon)

   [ring of positive energy]

   rF:        It greatly protects you from fire.
   rN:        It protects you from negative energy.
 t - a ring of protection from fire
 u - the ring of Loqoqilis {rC+ AC+4 Str+5 Dex-3 Slay+3}
   (You found it in the Dungeon)

   [ring of protection]

   AC:        It affects your AC (+4).
   Str:       It affects your strength (+5).
   Dex:       It affects your dexterity (-3).
   Slay:      It affects your accuracy & damage with ranged weapons and melee
   (+3).
   rC:        It protects you from cold.
 v - an amulet of guardian spirit
 w - the ring "Biummonk" {rElec rF+ Int+2}
   (You found it in the Dungeon)

   [ring of protection from fire]

   Int:       It affects your intelligence (+2).
   rF:        It protects you from fire.
   rElec:     It insulates you from electricity.
 y - a ring of fire
 A - a +4 ring of slaying (right hand)
 E - a ring of fire
 F - the ring of Vuifos {rN+ SInv}
   (You found it in the Dungeon)

   [ring of positive energy]

   rN:        It protects you from negative energy.
   SInv:      It lets you see invisible.
 G - the ring of the Endless Expanse {rPois rC+ Str+2}
   (You found it in the Dungeon)

   [ring of protection from cold]

   Str:       It affects your strength (+2).
   rC:        It protects you from cold.
   rPois:     It protects you from poison.
 H - a ring of protection from cold
 I - the ring of Zauruom {rN+ SInv Stlth+}
   (You found it in the Dungeon)

   [ring of positive energy]

   rN:        It protects you from negative energy.
   SInv:      It lets you see invisible.
   Stlth:     It makes you more stealthy.
 M - a ring of wizardry
 Y - the ring "Ownoy" (left hand) {rPois rF+ Str+6}
   (You found it in the Dungeon)

   [ring of strength]

   Str:       It affects your strength (+6).
   rF:        It protects you from fire.
   rPois:     It protects you from poison.
Wands
 z - a wand of mindburst (7)
Scrolls
 c - a scroll of enchant armour
 j - 4 scrolls of blinking
 o - 4 scrolls of amnesia
 p - 8 scrolls of fog
 q - 5 scrolls of identify
 r - 2 scrolls of fear
 K - 10 scrolls of brand weapon
Potions
 d - 10 potions of might
 e - 4 potions of curing
 g - 16 potions of haste
 h - 3 potions of magic
 i - 3 potions of berserk rage
 k - 2 potions of brilliance
 l - 2 potions of invisibility
 m - 4 potions of resistance
 O - 6 potions of heal wounds
Miscellaneous
 x - a phantom mirror
 B - a lightning rod (4/4)
 J - a lightning rod (4/4)
 S - a piece from Xom's chessboard (15/15)
 T - a condenser vane
 V - a phantom mirror


   Skills:
 O Level 27 Fighting
 O Level 27 Axes
 O Level 27 Armour
 * Level 22.2 Dodging
 O Level 27 Shields
 O Level 27 Invocations
 O Level 27 Evocations


You had 18 spell levels left.
You didn't know any spells.
Your spell library contained the following spells:

 Spells                   Type           Power      Damage    Failure   Level
 Apportation              Tloc           0%         N/A       63%         1
 Foxfire                  Conj/Fire      0%         2x1d2     63%         1
 Sandblast                Erth           0%         2d4       63%         1
 Shock                    Conj/Air       0%         1d3       63%         1
 Summon Small Mammal      Summ           0%         N/A       63%         1
 Blink                    Tloc           0%         N/A       77%         2
 Call Imp                 Summ           0%         N/A       77%         2
 Cigotuvi's Dreadful Rot  Necr/Pois/Air  0%         N/A       77%         2
 Ensorcelled Hibernation  Hex/Ice        0%         N/A       77%         2
 Lesser Beckoning         Tloc           0%         N/A       77%         2
 Momentum Strike          Conj/Tloc      0%         3d8       77%         2
 Passwall                 Tmut/Erth      0%         N/A       77%         2
 Poisonous Vapours        Pois/Air       0%         N/A       77%         2
 Scorch                   Fire           0%         2d5       77%         2
 Static Discharge         Conj/Air       0%         2-2/arc   77%         2
 Sublimation of Blood     Necr           0%         N/A       77%         2
 Wereblood                Tmut           0%         N/A       77%         2
 Call Canine Familiar     Summ           0%         N/A       94%         3
 Confusing Touch          Hex            0%         N/A       94%         3
 Frozen Ramparts          Ice            0%         1d1       94%         3
 Gell's Gravitas          Tloc           0%         N/A       94%         3
 Ignite Poison            Fire/Tmut/Pois 0%         N/A       94%         3
 Inner Flame              Hex/Fire       0%         N/A       94%         3
 Kindle Blastsparks       Fire/Tloc/Air  0%         2d10      94%         3
 Mephitic Cloud           Conj/Pois/Air  0%         N/A       94%         3
 Ozocubu's Armour         Ice            0%         N/A       94%         3
 Portal Projectile        Hex/Tloc       0%         N/A       94%         3
 Spider Form              Tmut/Pois      0%         N/A       94%         3
 Stone Arrow              Conj/Erth      0%         3d7       94%         3
 Summon Guardian Golem    Hex/Summ       0%         N/A       94%         3
 Swiftness                Air            0%         N/A       94%         3
 Teleport Other           Tloc           0%         N/A       94%         3
 Tukima's Dance           Hex            0%         N/A       94%         3
 Vampiric Draining        Necr           0%         2d6       94%         3
 Airstrike                Air            0%         2d(0-16)  100%        4
 Anguish                  Hex/Necr       0%         N/A       100%        4
 Animate Dead             Necr           0%         N/A       100%        4
 Cause Fear               Hex            0%         N/A       100%        4
 Dispel Undead            Necr           0%         3d6       100%        4
 Flame Wave               Conj/Fire      0%         2d4       100%        4
 Ice Form                 Ice/Tmut       0%         N/A       100%        4
 Iskenderun's Mystic Bla  Conj/Tloc      0%         2d3       100%        4
 Manifold Assault         Tloc           0%         N/A       100%        4
 Passage of Golubria      Tloc           0%         N/A       100%        4
 Sticky Flame             Conj/Fire      0%         2d3       100%        4
 Summon Ice Beast         Ice/Summ       0%         N/A       100%        4
 Summon Lightning Spire   Summ/Air       0%         N/A       100%        4
 Alistair's Intoxication  Tmut/Pois      0%         N/A       100%        5
 Blade Hands              Tmut           0%         N/A       100%        5
 Borgnjor's Vile Clutch   Necr/Erth      0%         N/A       100%        5
 Fireball                 Conj/Fire      0%         3d3       100%        5
 Freezing Cloud           Conj/Ice/Air   0%         6-21      100%        5
 Irradiate                Conj/Tmut      0%         3d11      100%        5
 Iskenderun's Battlesphe  Conj           0%         2d6       100%        5
 Metabolic Englaciation   Hex/Ice        0%         N/A       100%        5
 Plasma Beam              Fire/Air       0%         2x1d7     100%        5
 Silence                  Hex/Air        0%         N/A       100%        5
 Summon Forest            Summ/Tloc      0%         N/A       100%        5
 Summon Mana Viper        Hex/Summ       0%         N/A       100%        5
 Yara's Violent Unravell  Hex/Tmut       0%         3d3       100%        5
 Death Channel            Necr           0%         N/A       100%        6
 Dispersal                Tloc           0%         N/A       100%        6
 Eringya's Noxious Bog    Tmut/Pois      0%         N/A       100%        6
 Iron Shot                Conj/Erth      0%         9d1       100%        6
 Simulacrum               Ice/Necr       0%         N/A       100%        6
 Starburst                Conj/Fire      0%         6d3       100%        6
 Summon Cactus Giant      Summ           0%         N/A       100%        6
 Enfeeble                 Hex            0%         N/A       100%        7
 Malign Gateway           Summ/Tloc      0%         N/A       100%        7
 Orb of Destruction       Conj           0%         9d5       100%        7
 Spellforged Servitor     Conj/Summ      0%         N/A       100%        7
 Storm Form               Tmut/Air       0%         N/A       100%        7
 Summon Hydra             Summ           0%         N/A       100%        7
 Borgnjor's Revivificati  Necr           0%         N/A       100%        8
 Discord                  Hex            0%         N/A       100%        8
 Disjunction              Tloc           0%         N/A       100%        8
 Ignition                 Fire           0%         3d3       100%        8
 Lehudib's Crystal Spear  Conj/Erth      0%         10d2      100%        8
 Maxwell's Capacitive Co  Air            0%         ∞         100%        8
 Necromutation            Tmut/Necr      0%         N/A       100%        8
 Summon Horrible Things   Summ           0%         N/A       100%        8
 Polar Vortex             Ice            0%         N/A       100%        9


Dungeon Overview and Level Annotations

Branches:
Dungeon (1/1)

Altars:
Ashenzari
Cheibriados
Dithmenos
Elyvilon
Fedhas
Gozag
Hepliaklqana
Kikubaaqudgha
Makhleb
Nemelex Xobeh
Okawaru
Qazlal
Ru
Sif Muna
Trog
Uskayaw
Vehumet
Wu Jian
Xom
Yredelemnul
Zin
The Shining One
Jiyva
Lugonu


Innate Abilities, Weirdness & Mutations

You are completely covered in rugged brown scales. (AC +3, +7% HP)
Armour fits poorly on your strangely shaped body.
You have a long armoured tail.
You roll when moving toward enemies. (Rampage)
Your long tongue fully drains potion bottles. (2x potion effects)
Your tongue gives you trouble enunciating. (1.5x scroll delay)


Message History

A shadow demon is nearby!
Visions of slaying the shadow demon flood into your mind.
You roll towards the shadow demon!
You block the shadow demon's attack.
Your shield discharges, shocking the shadow demon!
You slash the shadow demon!
The shadow demon is heavily wounded.
You slice the shadow demon!!
The shadow demon is almost dead.
You block the shadow demon's attack.
You slash the shadow demon! You open a gate to Pandemonium!
A demon appears!
It doesn't seem very happy.
You break out of your daze!
You kill the shadow demon!
Qazlal accepts your kill.
Visions of slaying the soul eater flood into your mind.
You cannot move away from the soul eater!
You roll towards the soul eater!
You barely miss the soul eater. You slash the soul eater!
The soul eater is moderately wounded.
You block the soul eater's attack.
You closely miss the soul eater.
Your tail-slap misses the soul eater.
The soul eater is moderately wounded.
The soul eater is engulfed in blazing flames.
You block the soul eater's attack.
You cut the soul eater into ribbons!!!
You break out of your daze!
You kill the soul eater!
The soul eater disappears in a puff of smoke!
You start waiting.
You start waiting.
You start waiting.
You start waiting.
You start waiting.
You start waiting.
You start waiting.
You start waiting.
There is a staircase leading out of the dungeon here.
You start waiting.
Done waiting.
You have escaped!

.....)...[..▓..▓.......▓..▓...8©8
......))[...▓.▓.▓.....▓.▓.▓..)))|
...)).......▓..▓.......▓..▓..)}=|
.....[......▓.............▓......
............▓......©......▓......
..[.........▓▓▓▓▓▓▓▓▓▓▓▓▓▓▓......
▓.......▓...▓8888888888888▓....).
▓▓.....▓▓ ..▓8...........8▓..▓...
▓.......▓...▓8..@○..))©..8▓.▓....
............▓8.○..○......8▓....©.
....©.......▓8888888888888▓▓▓▓▓▓▓
▓▓▓▓▓▓▓▓▓▓▓▓▓▓▓▓▓▓▓▓▓▓▓▓▓▓▓▓▓▓▓▓▓
.....8©8..}...).▓........8©8.....
).})[.[.).))[}..▓.[|))||||)..}}..
.)).|"..[.=).}|.▓.}=))|.).:))...)
)).).).)...}).}.▓.[)..|:)).....:)
..)...).))=.)...▓....†..)"..†}...


There were no monsters in sight!

Vanquished Creatures
  A dread lich (D)
  3 ancient liches (D)
  5 royal mummies (D)
  3 caustic shrikes (D)
  An iron giant (D)
  10 hellephants (D)
  7 Brimstone Fiends (D)
  5 Hell Sentinels (D)
  2 Ice Fiends (D)
  7 liches (D)
  5 pandemonium lords (D)
  5 Orb Guardians (D)
  13 searing wretches (D)
  An acid blob (D)
  2 ancient champions (D)
  An eldritch tentacle (D)
  2 shadow dragons (D)
  An azure jelly (D)
  A daeva (D)
  6 draconian monks (D)
  2 draconian knights (D)
  3 quicksilver elementals (D)
  4 fire giants (D)
  3 rockslimes (D)
  2 draconian scorchers (D)
  A draconian shifter (D)
  3 ghost moths (D)
  14 balrugs (D)
  2 cacodemons (D)
  4 draconian stormcallers (D)
  8 ghouls (D)
  2 war gargoyles (D)
  2 angels (D)
  3 broodmothers (D)
  A stone giant (D)
  2 draconian annihilators (D)
  7 green draconians (D)
  13 vampire knights (D)
  7 white draconians (D)
  13 black draconians (D)
  12 yellow draconians (D)
  2 bennus (D)
  5 purple draconians (D)
  10 red draconians (D)
  2 blizzard demons (D)
  A green death (D)
  2 mummy priests (D)
  An iron golem (D)
  2 great orbs of eyes (D)
  2 entropy weavers (D)
  A yaktaur captain (D)
  A salamander tyrant (D)
  16 vault guards (D)
  3 hydras (D)
  A spriggan air mage (D)
  2 jorogumos (D)
  3 stokers (D)
  5 hell hogs (D)
  7 vampire magi (D)
  A death yak (D)
  A death scarab (D)
  A thrashing horror (D)
  4 crystal echidnas (D)
  4 spriggan berserkers (D)
  A sun demon (D)
  A skyshark (D)
  6 pharaoh ants (D)
  8 skeletal warriors (D)
  A sun moth (D)
  2 sixfirhies (D)
  2 cherubim (D)
  A shadow demon (D)
  A lindwurm (D)
  A glowing orange brain (D)
  9 necromancers (D)
  3 steelbarb worms (D)
  2 starcursed masses (D)
  An ugly thing (D)
  2 wolf spiders (D)
  2 shining eyes (D)
  2 draconians (D)
  5 moths of wrath (D)
  2 worldbinders (D)
  A toenail golem (D)
  An elephant (D)
  4 rust devils (D)
  4 orange demons (D)
  An eye of devastation (D)
  A demonic crawler (D)
  6 cane toads (D)
  4 hellions (D)
  2 rime drakes (D)
  5 yaktaurs (D)
  An efreet (D)
  A torpor snail (D)
  An ancient zyme (D)
  9 komodo dragons (D)
  An ice devil (D)
  A red devil (D)
  A meliai (shapeshifter) (D)
  5 guardian mummies (D)
  9 tormentors (D)
  A hellwing (D)
  2 tarantellas (D)
  10 hornets (D)
  A blink frog (shapeshifter) (D)
  3 culicivoras (D)
  3 flying skulls (D)
  11 shadows (D)
  5 jumping spiders (D)
  5 slime creatures (D)
  2 vampires (D)
  A wyvern (D)
  2 ynoxinuls (D)
  A basilisk (shapeshifter) (D)
  2 ushabtiu (D)
  7 yaks (D)
  2 small abominations (D)
  2 large abominations (D)
  A basilisk (D)
  2 chaos spawn (D)
  4 neqoxecs (D)
  3 steam dragons (D)
  7 redbacks (D)
  An acid dragon (D)
  9 water moccasins (D)
  6 swamp drakes (D)
  A black bear (D)
  5 scorpions (D)
  2 bullfrogs (D)
  7 necrophages (D)
  9 wights (D)
  6 crimson imps (D)
  2 quasits (D)
  2 iron imps (D)
  2 jellies (D)
  10 mummies (D)
  An adder (D)
  A river rat (D)
  3 shadow imps (D)
  2 white imps (D)
  3 ufetubi (D)
  3 adder zombies (D)
  2 adder skeletons (D)
  4 bat skeletons (D)
  3 bat zombies (D)
  2 endoplasms (D)
  4 ball python skeletons (D)
  A giant cockroach simulacrum (D)
  A giant cockroach zombie (D)
  A jackal skeleton (D)
  3 quokka zombies (D)
549 creatures vanquished.

Vanquished Creatures (collateral kills)
  A Brimstone Fiend (D)
  A quicksilver elemental (D)
  A necromancer (D)
  2 draconians (D)
  A tarantella (D)
  2 jumping spiders (D)
  A scorpion (D)
9 creatures vanquished.

Vanquished Creatures (others)
  A demonspawn blood saint (D)
  3 sixfirhies (D)
  A large abomination (D)
  3 orange demons (D)
  A smoke demon (D)
  A hellion (D)
  An ice devil (D)
  A tormentor (D)
  A chaos spawn (D)
  2 golden eyes (D)
  A small abomination (D)
  A hobgoblin (D)
17 creatures vanquished.

Grand Total: 575 creatures vanquished

Notes
Turn   | Place    | Note
-------+----------+-------------------------------------------
     0 | D        | BigDaddyOpFi the Armataur Fighter began the quest for the
                  | Orb.
     0 | D        | Reached XP level 1. HP: 19/19 MP: 1/1
     4 | D        | Found a shimmering blue altar of Sif Muna.
     4 | D        | Found a bloodstained altar of Trog.
     4 | D        | Found a sacrificial altar of Ru.
     4 | D        | Found a stormy altar of Qazlal.
     4 | D        | Found an iron altar of Okawaru.
     5 | D        | Found a sparkling altar of Nemelex Xobeh.
     5 | D        | Found a blossoming altar of Fedhas.
     5 | D        | Found the +6 Majin-Bo {spellvamp, MP+6 Int+6}
     5 | D        | Found the +27 heavy crossbow "Sniper" {heavy, Acc+∞ SInv}
     5 | D        | Found the +10 dark maul {heavy}
     5 | D        | Found the +15 Maxwell's patent armour {-Cast -Tele rElec
                  | Will+ rCorr}
     5 | D        | Found the +18 shield of the Gong {Loud rN+ Will+ rCorr
                  | EV-5}
     5 | D        | Found the +16 obsidian axe {drain, demonic, Mesm Drain Fly
                  | SInv}
     5 | D        | Found the +7 great mace "Firestarter" {flame, inner flame,
                  | rFlCloud rF++}
     5 | D        | Found the +6 shillelagh "Devastator" {shatter}
     5 | D        | Found the +11 plutonium sword {Contam Stlth-}
     5 | D        | Found the +8 lance "Wyrmbane" {slay drac, rPois rF+ rC+
                  | AC+3}
     5 | D        | Found the +9 sword of Zonguldrok {reap}
     5 | D        | Found the +13 scythe of Curses {drain, curses, Drain}
     5 | D        | Found the +9 sword of Power {lifebolt}
     5 | D        | Found the +7 mace of Variability {chaos, chain chaos}
     5 | D        | Found the +11 Singing Sword {sonic wave}
     5 | D        | Found the +8 storm bow {elec, penet}
     7 | D        | Found a transporter.
     7 | D        | Found an ancient bone altar of Kikubaaqudgha.
     7 | D        | Found a viscous altar of Jiyva.
     7 | D        | Found a corrupted altar of Lugonu.
     7 | D        | Found a hazy altar of Hepliaklqana.
     7 | D        | Found a burning altar of Makhleb.
     7 | D        | Found an opulent altar of Gozag.
    56 | D        | Became a worshipper of Qazlal Stormbringer
    79 | D        | Reached skill level 5 in Fighting
    79 | D        | Reached XP level 2. HP: 31/31 MP: 2/2
    79 | D        | Reached XP level 3. HP: 38/38 MP: 3/3
    80 | D        | Entered arena 2.
    80 | D        | Noticed a water moccasin
    80 | D        | Found a transporter.
    83 | D        | Killed a water moccasin
    84 | D        | Reached XP level 4. HP: 47/47 MP: 3/7
    84 | D        | Reached XP level 5. HP: 53/53 MP: 3/8
    87 | D        | Got the ring "Yxecw" {Fire rPois Will+ Int+2 Dex-5}
   219 | D        | Entered arena 3.
   219 | D        | Noticed a yak
   219 | D        | Found a transporter.
   221 | D        | Reached * piety under Qazlal
   223 | D        | Reached skill level 5 in Axes
   225 | D        | Killed a yak
   226 | D        | Reached XP level 6. HP: 62/62 MP: 8/10
   230 | D        | Entered arena 4.
   230 | D        | Noticed a jumping spider
   230 | D        | Found a transporter.
   233 | D        | Reached ** piety under Qazlal
   234 | D        | Killed a jumping spider
   235 | D        | Reached XP level 7. HP: 62/70 MP: 9/12
   241 | D        | Entered arena 5.
   241 | D        | Noticed a draconian
   241 | D        | Noticed a draconian
   241 | D        | Noticed a draconian
   241 | D        | Noticed a draconian
   241 | D        | Found a transporter.
   246 | D        | Killed a draconian
   246 | D        | Reached *** piety under Qazlal
   247 | D        | Reached skill level 10 in Armour
   247 | D        | Reached XP level 8. HP: 61/79 MP: 10/14
   250 | D        | Killed a draconian
   250 | D        | Killed a draconian
   251 | D        | Reached skill level 10 in Shields
   251 | D        | Reached skill level 10 in Invocations
   251 | D        | Killed a draconian
   252 | D        | Reached XP level 9. HP: 66/87 MP: 11/17
   258 | D        | Entered arena 6.
   258 | D        | Found a transporter.
   260 | D        | Reached **** piety under Qazlal
   277 | D        | Entered arena 7.
   277 | D        | Noticed a shining eye
   277 | D        | Noticed a green ugly thing
   278 | D        | Found a transporter.
   281 | D        | Killed a green ugly thing
   281 | D        | Reached ***** piety under Qazlal
   281 | D        | Killed a shining eye
   284 | D        | Reached XP level 10. HP: 88/99 MP: 16/19
   296 | D        | Entered arena 8.
   296 | D        | Found the +5 Lochaber axe {reach-cleave, Poleaxe Drain}
   297 | D        | Found a transporter.
   301 | D        | Reached skill level 10 in Fighting
   301 | D        | Reached ****** piety under Qazlal
   313 | D        | Entered arena 9.
   314 | D        | Found a transporter.
   620 | D        | Entered arena 10.
   620 | D        | Found the +7 sceptre of Torment {pain, torment}
   620 | D        | Noticed a sixfirhy
   620 | D        | Noticed Sougulop the pandemonium lord
   620 | D        | Noticed Saihedgh the pandemonium lord
   620 | D        | Noticed a rust devil
   621 | D        | Found a transporter.
   622 | D        | Killed a rust devil
   623 | D        | Noticed a lorocyproca
   623 | D        | Killed Sougulop the pandemonium lord
   624 | D        | Killed Saihedgh the pandemonium lord
   625 | D        | Reached skill level 10 in Axes
   625 | D        | Reached skill level 15 in Invocations
   625 | D        | Reached XP level 11. HP: 109/109 MP: 1/22
   626 | D        | Killed a sixfirhy
   742 | D        | Entered arena 11.
   742 | D        | Noticed Cimeo the pandemonium lord
   742 | D        | Noticed Asotukha the pandemonium lord
   743 | D        | Found a transporter.
   751 | D        | Killed Asotukha the pandemonium lord
   752 | D        | Reached skill level 15 in Armour
   772 | D        | Killed Cimeo the pandemonium lord
   870 | D        | Got the ring "Qaudis" {Will- Dex+6 SInv}
   881 | D        | Entered arena 12.
   881 | D        | Noticed a five-headed hydra
   881 | D        | Noticed a lindwurm
   882 | D        | Killed a lindwurm
   882 | D        | Killed a five-headed hydra
   883 | D        | Reached XP level 12. HP: 120/120 MP: 15/24
   883 | D        | Found a transporter.
   889 | D        | Reached skill level 15 in Shields
   905 | D        | Entered arena 13.
   905 | D        | Found the +3 pair of gauntlets of War {Slay+5}
   906 | D        | Found a transporter.
   972 | D        | Got the Anthology of Ghastly Moulding
  1082 | D        | Entered arena 14.
  1082 | D        | Noticed a six-headed hydra
  1083 | D        | Noticed a death yak
  1084 | D        | Killed a death yak
  1084 | D        | Killed a six-headed hydra
  1085 | D        | Found a transporter.
  1230 | D        | Entered arena 15.
  1230 | D        | Noticed an ancient lich
  1231 | D        | Noticed a starcursed mass
  1231 | D        | Found the +8 Wrath of Trog {antimagic, *Rage Rampage}
  1232 | D        | Killed a starcursed mass
  1232 | D        | Killed a starcursed mass
  1233 | D        | Killed an ancient lich
  1234 | D        | Reached XP level 13. HP: 131/131 MP: 14/26
  1234 | D        | Found a transporter.
  1316 | D        | Got the ring of Xeanim {*Slow rPois rF+ rN+++ Int-4}
  1335 | D        | Entered arena 16.
  1336 | D        | Noticed a lich
  1337 | D        | Killed a lich
  1338 | D        | Found a transporter.
  1399 | D        | Entered arena 17.
  1400 | D        | Noticed an angel
  1401 | D        | Noticed a daeva
  1402 | D        | Found the ring of Shadows {Umbra +Inv Stlth+}
  1403 | D        | Identified the ring "Buwudip" {rF+ rN+ rCorr Dex+3}
  1403 | D        | Noticed an angel
  1403 | D        | Found the +8 mithril axe "Arga" {speed, Will+}
  1404 | D        | Killed an angel
  1404 | D        | Killed a daeva
  1405 | D        | Found a transporter.
  1412 | D        | Killed an angel
  1504 | D        | Got the ring "Ownoy" {rPois rF+ Str+6}
  1524 | D        | Entered arena 18.
  1525 | D        | Noticed a rockslime
  1526 | D        | Noticed a rockslime
  1526 | D        | Noticed a rockslime
  1526 | D        | Noticed an azure jelly
  1528 | D        | Noticed an acid blob
  1529 | D        | Killed an azure jelly
  1529 | D        | Killed an acid blob
  1529 | D        | Killed a rockslime
  1530 | D        | Reached skill level 15 in Fighting
  1530 | D        | Killed a rockslime
  1531 | D        | Killed a rockslime
  1532 | D        | Found a transporter.
  1673 | D        | Got the amulet "Inkufrupt" {Reflect +Blink Regen+ Slay+3
                  | SH+5}
  1693 | D        | Got the Tome of Iniquitous Magic
  1706 | D        | Entered arena 19.
  1708 | D        | Noticed a black draconian
  1708 | D        | Noticed a purple draconian
  1708 | D        | Noticed a white draconian stormcaller
  1708 | D        | Noticed a red draconian
  1708 | D        | Noticed a yellow draconian
  1708 | D        | Noticed a red draconian
  1708 | D        | Identified the +2 flail of Hysocwih {heavy, Str+3}
  1708 | D        | Noticed a black draconian
  1709 | D        | Noticed a yellow draconian
  1709 | D        | Noticed a purple draconian
  1709 | D        | Noticed a green draconian monk
  1709 | D        | Noticed a green draconian monk
  1709 | D        | Noticed a green draconian monk
  1709 | D        | Noticed a white draconian stormcaller
  1709 | D        | Noticed a yellow draconian
  1709 | D        | Noticed a black draconian
  1709 | D        | Noticed a red draconian
  1709 | D        | Noticed a red draconian
  1709 | D        | Identified the +4 halberd "Newtbane" {vamp, *Noise rF+
                  | Str+6}
  1709 | D        | Noticed a white draconian
  1709 | D        | Noticed a black draconian
  1709 | D        | Noticed a green draconian
  1710 | D        | Killed a purple draconian
  1710 | D        | Killed a green draconian monk
  1710 | D        | Killed a yellow draconian
  1710 | D        | Killed a black draconian
  1710 | D        | Killed a red draconian
  1710 | D        | Killed a white draconian stormcaller
  1710 | D        | Killed a yellow draconian
  1710 | D        | Killed a red draconian
  1710 | D        | Killed a green draconian monk
  1710 | D        | Killed a purple draconian
  1710 | D        | Killed a white draconian stormcaller
  1710 | D        | Killed a red draconian
  1710 | D        | Killed a green draconian monk
  1711 | D        | Reached XP level 14. HP: 120/146 MP: 19/29
  1766 | D        | Found a transporter.
  1876 | D        | Entered arena 20.
  1880 | D        | Found the macabre finger necklace {Finger+ rN+}
  1880 | D        | Found the +8 demon trident "Rift" {distort, reach+}
  1882 | D        | Reached skill level 15 in Axes
  1882 | D        | Found a transporter.
  1942 | D        | Got Sif Muna's Folio of the Septic Volley
  1949 | D        | Got the ring of Gasmioczox {rPois rN+++ AC+4 Str+4 Dex-3}
  1971 | D        | Entered arena 21.
  1973 | D        | Noticed a war gargoyle
  1974 | D        | Noticed a Hell Sentinel
  1974 | D        | Noticed a war gargoyle
  1974 | D        | Noticed a quicksilver elemental
  1974 | D        | Noticed a caustic shrike
  1974 | D        | Noticed a caustic shrike
  1974 | D        | Noticed a quicksilver elemental
  1974 | D        | Noticed a caustic shrike
  1974 | D        | Noticed an iron giant
  1974 | D        | Noticed a Hell Sentinel
  1974 | D        | Noticed an ancient champion
  1974 | D        | Noticed a Hell Sentinel
  1975 | D        | Killed a quicksilver elemental
  1975 | D        | Killed a quicksilver elemental
  1975 | D        | Killed a caustic shrike
  1975 | D        | Killed an ancient champion
  1975 | D        | Noticed a quicksilver elemental
  1975 | D        | Noticed a dread lich
  1976 | D        | Killed a caustic shrike
  1976 | D        | Killed a quicksilver elemental
  1976 | D        | Killed a war gargoyle
  1976 | D        | Killed a war gargoyle
  1977 | D        | Reached XP level 15. HP: 157/157 MP: 13/31
  1977 | D        | Noticed an ancient champion
  1977 | D        | Noticed a Hell Sentinel
  1978 | D        | Killed a dread lich
  1979 | D        | Killed a caustic shrike
  1979 | D        | Killed an iron giant
  1979 | D        | Killed a Hell Sentinel
  1980 | D        | Found the +9 staff of Olgreb {rPois∞}
  1980 | D        | Killed an ancient champion
  1982 | D        | Killed a Hell Sentinel
  1988 | D        | Killed a Hell Sentinel
  1991 | D        | Killed a Hell Sentinel
  2001 | D        | Noticed a quicksilver elemental
  2010 | D        | Found a transporter.
  2012 | D        | HP: 2/160 [quicksilver elemental/bolt of dispelling energy
                  | (30)]
  2018 | D        | Killed a quicksilver elemental
  2222 | D        | Got Daycwol's Quotidian Willworking
  2245 | D        | Entered arena 22.
  2248 | D        | Noticed a shadow dragon
  2248 | D        | Noticed a lich
  2249 | D        | Noticed a shadow dragon
  2249 | D        | Noticed a lich
  2249 | D        | Noticed an ancient lich
  2250 | D        | Killed a lich
  2250 | D        | Killed a lich
  2250 | D        | Killed a shadow dragon
  2251 | D        | Identified the +7 hand axe of Certain Death {venom, Fly
                  | rPois Int+5}
  2251 | D        | Noticed an ancient lich
  2252 | D        | Killed a shadow dragon
  2252 | D        | Killed an ancient lich
  2252 | D        | Killed an ancient lich
  2253 | D        | Reached skill level 27 in Invocations
  2253 | D        | Reached skill level 10 in Evocations
  2253 | D        | Reached XP level 16. HP: 156/172 MP: 16/33
  2254 | D        | Found a transporter.
  2372 | D        | Got the ring of Exes {rF+ rC- rN++ Dex+3}
  2395 | D        | Got the Papyrus of Beguiling
  2396 | D        | Entered arena 23.
  2401 | D        | Identified the +11 war axe of the Blind Eye {speed, rElec
                  | rPois rF+}
  2401 | D        | Noticed a royal mummy
  2401 | D        | Identified the ring of Jeptoam {Will+ Str+5}
  2402 | D        | Noticed a royal mummy
  2402 | D        | Noticed a royal mummy
  2402 | D        | Noticed a royal mummy
  2403 | D        | Killed a royal mummy
  2403 | D        | Killed a royal mummy
  2403 | D        | Noticed a royal mummy
  2407 | D        | Killed a royal mummy
  2407 | D        | Killed a royal mummy
  2410 | D        | Killed a royal mummy
  2516 | D        | Found a transporter.
  2540 | D        | Got the amulet of Cejofava {Acrobat rCorr Dex+2}
  2546 | D        | Got the ring "Hapoax" {*Slow Will+ SInv Stlth+}
  2590 | D        | Entered arena 24.
  2596 | D        | Noticed a lich
  2596 | D        | Found the +5 Storm Queen's Shield {shock, Fly rElec}
  2596 | D        | Identified the ring "Riow" {Ice Str+3 Int+2}
  2596 | D        | Identified the +7 trident "Qawun" {distort, Fragile rC+
                  | Will+}
  2596 | D        | Identified the ring "Kuudghepalo" {rN+ Str+2}
  2597 | D        | Killed a lich
  2598 | D        | Found a transporter.
  2753 | D        | Entered arena 25.
  2760 | D        | Noticed a lich
  2760 | D        | Noticed a lich
  2760 | D        | Noticed a lich
  2760 | D        | Identified the ring of Music {rPois rC+ Dex+8}
  2760 | D        | Identified the staff of earth "Noalluyw" {Int+3 Dex+2}
  2761 | D        | Found a transporter.
  2762 | D        | Killed a lich
  2763 | D        | Reached XP level 17. HP: 180/185 MP: 25/34
  2768 | D        | Reached skill level 27 in Armour
  2770 | D        | Killed a lich
  2773 | D        | Killed a lich
  2859 | D        | Got the Omnibus of the Metamorphic Scorpion
  2862 | D        | Entered arena 26.
  2870 | D        | Identified the amulet of Qyir {RegenMP *Slow +Blink rF+}
  2870 | D        | Identified the ring of Estru Sucuq {rC+ rCorr Str+6 Dex+4}
  2871 | D        | Identified the +3 war axe of Zin, Flying {heavy, Str+3
                  | Int+4}
  2874 | D        | Reached skill level 27 in Shields
  2876 | D        | Found a transporter.
  2884 | D        | Reached XP level 18. HP: 166/203 MP: 1/35
  2989 | D        | Got the Textbook on the Unified Brume
  3057 | D        | Entered arena 27.
  3065 | D        | Found the +5 demon whip "Spellbinder" {antimagic, disrupt,
                  | Will+}
  3071 | D        | Reached skill level 27 in Evocations
  3073 | D        | Found a transporter.
  3085 | D        | Got the Spellbook of Topological Ashes
  3089 | D        | Got the ring "Ceetiw" {rF++ rN+}
  3109 | D        | Got the Guidebook on Flamy Mortification
  3111 | D        | Got the ring of Loqoqilis {rC+ AC+4 Str+5 Dex-3 Slay+3}
  3126 | D        | Entered arena 28.
  3133 | D        | Noticed a hellephant
  3134 | D        | Noticed a hellephant
  3134 | D        | Noticed a hellephant
  3134 | D        | Noticed a hellephant
  3135 | D        | Noticed a hellephant
  3135 | D        | Killed a hellephant
  3135 | D        | Killed a Brimstone Fiend
  3136 | D        | Reached skill level 27 in Fighting
  3136 | D        | Found the +8 frozen axe "Frostbite" {freeze, freezing
                  | cloud, *Noise Fly rC+}
  3136 | D        | Noticed a hellephant
  3136 | D        | Noticed a Brimstone Fiend
  3136 | D        | Noticed a Brimstone Fiend
  3136 | D        | Identified the ring "Dipepuv" {Dex+3 SInv}
  3136 | D        | Noticed a Brimstone Fiend
  3136 | D        | Identified the ring of Ninwaufu {rCorr EV+5 Stlth+}
  3136 | D        | Noticed a hellephant
  3137 | D        | Killed a hellephant
  3137 | D        | Killed a hellephant
  3137 | D        | Killed a Brimstone Fiend
  3137 | D        | Noticed a hellephant
  3137 | D        | Noticed a hellephant
  3141 | D        | Killed a hellephant
  3142 | D        | Reached skill level 27 in Axes
  3142 | D        | Killed a hellephant
  3143 | D        | Reached skill level 10 in Dodging
  3143 | D        | Reached XP level 19. HP: 86/221 MP: 10/36
  3143 | D        | Killed a hellephant
  3143 | D        | Killed a Brimstone Fiend
  3143 | D        | Killed a hellephant
  3143 | D        | Killed a hellephant
  3143 | D        | Killed a Brimstone Fiend
  3145 | D        | Noticed a hellephant
  3163 | D        | Killed a hellephant
  3164 | D        | Reached skill level 15 in Dodging
  3169 | D        | Killed a hellephant
  3294 | D        | Found the +8 demon blade "Leech" {evervamp, Harm Drain rN+}
  3295 | D        | Found a transporter.
  3299 | D        | Got the ring "Biummonk" {rElec rF+ Int+2}
  3311 | D        | Got the ring of Vuifos {rN+ SInv}
  3315 | D        | Got the ring of the Endless Expanse {rPois rC+ Str+2}
  3324 | D        | Got the ring of Zauruom {rN+ SInv Stlth+}
  3352 | D        | Got the Orb of Zot
  3572 | D        | Noticed a Brimstone Fiend
  3577 | D        | Killed a Brimstone Fiend
  4044 | D        | Noticed Yrefead the pandemonium lord
  4051 | D        | Killed Yrefead the pandemonium lord
  5070 | D        | Noticed a Brimstone Fiend
  5073 | D        | Killed a Brimstone Fiend
  6297 | D        | Noticed a Brimstone Fiend
  6301 | D        | Killed a Brimstone Fiend
  7443 | D        | Noticed a Brimstone Fiend
  7445 | D        | Killed a Brimstone Fiend
  7635 | D        | Escaped with the Orb!

Illustrated notes

Levels and vault maps discovered:
D:        sprint_v [room_start, room_1, room_2, room_3, room_4, room_5, room_6,
          room_7, room_8, room_9, room_10, room_11, room_12, room_13, room_14,
          room_15, room_16, room_17, room_18, room_19, room_20, room_21,
          room_22, room_23, room_24, room_25, room_26, room_27]

Skill      XL: |  1  2  3  4  5  6  7  8  9 10 11 12 13 14 15 16 17 18 19 |
---------------+----------------------------------------------------------+-----
Fighting       | 5 6 7 8 9 11 12 13 16 17 19 21 23 27 | 27.0
Axes           | 4 5 6 7 8 10 11 12 14 16 17 19 22 27 | 27.0
Armour         | 6 7 8 9 10 11 12 14 16 17 20 22 24 26 27 | 27.0
Shields        | 6 7 8 9 10 11 13 14 16 18 20 22 24 27 | 27.0
Invocations    | 4 6 7 8 10 12 15 17 19 22 24 27 | 27.0
Evocations     | 10 18 24 27 | 27.0
Dodging        | 10 22 | 22.2

Action                     |  1- 3 |  4- 6 |  7- 9 | 10-12 | 13-15 | 16-18 | 19-21 || total
---------------------------+-------+-------+-------+-------+-------+-------+-------++-------
  Melee: Broad axe         |     3 |     8 |    13 |    27 |    38 |    42 |   134 ||   265
         Tailslap          |       |     1 |     3 |     5 |     3 |    11 |    24 ||    47
 Invoke: Disaster Area     |       |       |       |    11 |    17 |    14 |     1 ||    43
         Upheaval          |       |       |       |     4 |     3 |     1 |     1 ||     9
         Elemental Force   |       |       |       |     2 |     2 |       |       ||     4
    Use: Potion            |     1 |       |       |    10 |    10 |     4 |       ||    25
         Scroll            |       |       |       |       |       |     3 |       ||     3
 Armour: Plate armour      |       |     8 |     7 |    13 |    20 |    31 |     6 ||    85
  Dodge: Dodged            |     1 |       |     1 |       |     1 |     3 |     1 ||     7
         Repelled          |       |       |       |       |     1 |     1 |       ||     2
  Block: Kite shield       |     4 |    15 |    30 |    52 |    84 |    82 |    90 ||   357
         Reflection        |       |       |       |       |     3 |     2 |       ||     5

Table legend: (Time is in decaauts)
 A = Elapsed time spent in this place.
 B = Non-inter-level travel time spent in this place.
 C = Inter-level travel time spent in this place.
 D = Time resting spent in this place.
 E = Time spent auto-exploring this place.
 F = Levels seen in this place.
 G = Mean time per level.
                   A        B        C        D        E       F      G
               +--------+--------+--------+--------+--------+-----+--------+
         Total |   7597 |   7597 |      0 |   6019 |     40 |   1 | 7597.0 |
       Dungeon |   7597 |   7597 |      0 |   6019 |     40 |   1 | 7597.0 |
               +--------+--------+--------+--------+--------+-----+--------+

Top non-repeatable levels by time:
       D: 7597 daAuts
